 Dungeon Crawl Stone Soup version 0.30-a0-760-g5a9884bb7c (webtiles) character file.

Game seed: 3313792917745470223

72 cheesebisquit the Digger (level 4, -1/26 HPs)
             Began as a Gargoyle Earth Elementalist on Feb 11, 2023.
             Slain by Sigmund
             ... wielding a +0 scythe
              (6 damage)
             ... on level 3 of the Dungeon.
             The game lasted 00:07:01 (2021 turns).

cheesebisquit the Digger (GrEE)                     Turns: 2021, Time: 00:07:02

Health: -1/26      AC:  0    Str: 11    XL:     4   Next: 26%
Magic:  6/8        EV: 14    Int: 18    God:
Gold:   187        SH:  0    Dex: 10    Spells: 7/8 levels left

rFire   . . .      SeeInvis .    (weapon currently unavailable)
rCold   . . .      Faith    .    (shield currently unavailable)
rNeg    + . .      Spirit   .    (body armour currently unavailable)
rPois   ∞          Reflect  .    (helmet currently unavailable)
rElec   .          Harm     .    (cloak currently unavailable)
rCorr   .          Rampage  .    (gloves currently unavailable)
Will    .....                    (boots currently unavailable)
Stlth   ++                       (no amulet)
HPRegen 0.24/turn                (ring currently unavailable)
MPRegen 0.11/turn                (ring currently unavailable)

@: pig-form, very quick
A: fast, no casting, sickness immunity, AC +3, small, negative energy resistance
1, (electricity resistance), torment resistance 1, petrification resistance
a: no special abilities


You were on level 3 of the Dungeon.
You were a filthy swine.
You visited 1 branch of the dungeon, and saw 3 of its levels.

You collected 187 gold pieces.

Inventory:

Hand Weapons
 g - a +0 war axe
 n - a +0 quarterstaff (melded)
 q - a +1 short sword of holy wrath
Missiles
 r - 5 silver javelins
Armour
 a - a +0 robe (melded)
Magical Staves
 e - a staff of cold
Jewellery
 h - a +6 ring of dexterity (melded)
Wands
 o - a wand of iceblast (2)
Scrolls
 c - 2 scrolls of magic mapping
 l - 2 scrolls of noise
Potions
 b - a potion of magic
 d - a potion of cancellation {unknown}
 f - a potion of might {unknown}
 i - a potion of berserk rage {unknown}
 j - a potion of degeneration {unknown}
 k - a potion of invisibility {unknown}
 m - a potion of curing {unknown}
 p - a potion of mutation {unknown}


   Skills:
 + Level 2.2 Fighting
 + Level 0.0 Staves
 - Level 1.5 Dodging
 - Level 2.1 Stealth
 + Level 2.8 Spellcasting
 - Level 0.7 Transmutations
 + Level 4.5 Earth Magic


You had 7 spell levels left.
You knew the following spells:

 Your Spells              Type           Power      Damage    Failure   Level
a - Sandblast             Erth           36%        2d10      2%          1

Your spell library contained the following spells:

 Spells                   Type           Power      Damage    Failure   Level
 Passwall                 Tmut/Erth      10%        N/A       9%          2
 Stone Arrow              Conj/Erth      20%        3d8       21%         3
 Petrify                  Tmut/Erth      12%        N/A       50%         4


Dungeon Overview and Level Annotations

Branches:
Dungeon (3/15)

Altars:

Annotations:
D:3 Sigmund


Innate Abilities, Weirdness & Mutations

You are a filthy swine.
You move quickly.
Your equipment is almost entirely melded.
You are incapable of wielding weapons or throwing items.
You cannot cast spells.
You are immune to sickness and miasma.
((Your stone body is resilient. (AC +3)))
You are immune to poison.
You resist negative energy. (rN+)
((You are resistant to electric shocks. (rElec)))
You are resistant to unholy torment.
You are immune to petrification.


Message History

You see here 3 stones.
You see here a +0 quarterstaff.
Found 5 silver javelins.
d - a smoky sapphire potion You see here a +0 quarterstaff.
n - a +0 quarterstaff
n - a +0 quarterstaff (weapon)
Sigmund is nearby!
Sigmund shouts!
Sigmund zaps a wand.
You resist with some effort.
You see here 5 silver javelins.
The blast of sand hits Sigmund!
Sigmund is moderately wounded.
Sigmund gestures at you while chanting. The puff of flame hits you.
The blast of sand hits Sigmund!
Sigmund is severely wounded.
Sigmund barely misses you.
The blast of sand hits Sigmund!
Sigmund is almost dead.
Sigmund zaps a wand.
You turn into a filthy swine.
Your +0 quarterstaff melds into your body.
Your +0 robe melds into your body.
Your +6 ring of dexterity melds into your body.
You feel clumsy.
r - 5 silver javelins Sigmund points at you and mumbles some strange words.
The magic dart hits you!
Sigmund casts a spell.
Sigmund flickers and vanishes!
Deactivating autopickup; reactivate with Ctrl-A.
You barely miss something. Something hits you!
* * * LOW HITPOINT WARNING * * *
Okay, then.
You closely miss something. You closely miss something.
You hear some strange, mumbled words.
Something tries to affect you, but you resist.
You closely miss something. Something hits you.
You die...

...#....# #.# #.####.#,,,*,,,*,,,
...#.#.####.# #(...#.#,***,,,*,*,
............######.#.#,* **,**,*,
...#..........,* #.#.#,* *,,,,*,
'#.###.#######,* #.#,*,**********
.#<.........#*,* #.#,*,,,,,,,,,,,
.#####.####.#*,###.#,*,,********,
.#........#,**,#...#,*,,*,,,,,,,,
##........#,**,#h#.#,*,,*,******,
*+..)...).#....{.###,*,,,,*,,,,,,
*#........####.###**,*,,,,,,,*,,*
#...............,,,,,,,,,,,,,,,,,
........#.####.#****,,,,,,∩,,,,,,
#.......#.#,,,,,,,,,,,,,,,,,,,,*,
#.####.##.#+*,,,,,,,,,,,,,,,,,,*,
#@* #.#*..,,,,,,,,,,,*,*,**,****
*,***#.**..,,,,,,**,,,,,*,,,,,,,,


There were no monsters in sight!

Vanquished Creatures
  2 adders
  A worm (D:2)
  A dart slug (D:1)
  3 ball pythons
  A bat (D:3)
  5 endoplasms
  5 giant cockroaches
  3 hobgoblins
  2 jackals (D:2)
  4 quokkas
  3 frilled lizards
  5 goblins
  5 kobolds
  5 rats
45 creatures vanquished.

Vanquished Creatures (others)
  3 plants (D:3)
  5 toadstools (D:1)
8 creatures vanquished.

Grand Total: 53 creatures vanquished

Notes
Turn   | Place    | Note
-------+----------+-------------------------------------------
     0 | D:1      | cheesebisquit the Gargoyle Earth Elementalist began the
                  | quest for the Orb.
     0 | D:1      | Reached XP level 1. HP: 10/10 MP: 3/3
   358 | D:1      | Reached XP level 2. HP: 14/16 MP: 1/5
   378 | D:1      | Reached skill level 1 in Fighting
   522 | D:1      | Reached skill level 4 in Earth Magic
  1047 | D:2      | Reached XP level 3. HP: 12/20 MP: 3/6
  1549 | D:2      | Reached XP level 4. HP: 26/26 MP: 6/8
  1693 | D:3      | Noticed Sigmund
  2021 | D:3      | Slain by Sigmund

Illustrated notes

Levels and vault maps discovered:
D:1:      minmay_arrival_solitary_statue, layout_loops_ring,
          minmay_gold_behind_fungi, minmay_misc_feat_cross,
          dreamdust_princess_bridge, ebering_dispersal_statue_hall,
          minmay_indecisive_spiral
D:2:      layout_basic
D:3:      kennysheep_big_flooded_room, layout_basic, serial_shops,
          nicolae_shop_overgrown_old_shop, ebering_ghost_rock_garden,
          chequers_serial_rivers_micro_a, uniq_sigmund, uniq_jessica,
          uniq_crazy_yiuf_cottage

Skill      XL: |  1  2  3 |
---------------+----------+-----
Fighting       | 1 2 |  2.2
Earth Magic    | 4 |  4.5
Dodging        | |  1.5
Stealth        | |  2.1
Spellcasting   | |  2.8
Transmutations | |  0.7

Action                     |  1- 3 |  4- 6 || total
---------------------------+-------+-------++-------
  Melee: Unarmed           |    17 |     4 ||    21
         Whip              |    18 |       ||    18
   Cast: Sandblast         |    46 |    12 ||    58
    Use: Scroll            |       |     5 ||     5
 Armour: Robe              |    14 |       ||    14
  Dodge: Dodged            |    27 |     1 ||    28

Table legend: (Time is in decaauts)
 A = Elapsed time spent in this place.
 B = Non-inter-level travel time spent in this place.
 C = Inter-level travel time spent in this place.
 D = Time resting spent in this place.
 E = Time spent auto-exploring this place.
 F = Levels seen in this place.
 G = Mean time per level.
                   A        B        C        D        E       F      G
               +--------+--------+--------+--------+--------+-----+--------+
         Total |   2047 |   2004 |     43 |    244 |   1446 |   3 |  682.3 |
       Dungeon |   2047 |   2004 |     43 |    244 |   1446 |   3 |  682.3 |
               +--------+--------+--------+--------+--------+-----+--------+

Top non-repeatable levels by time:
     D:1: 984 daAuts
     D:2: 689 daAuts
     D:3: 374 daAuts
